 Dungeon Crawl Stone Soup version 0.28.0-43-g3370ac3207 (webtiles) character file.

Game seed: 14891490931357374309

2349 Slyrak the Basher (level 9, -16/79 HPs)
             Began as a Minotaur Berserker on Mar 5, 2022.
             Was an Elder of Trog.
             Demolished by Harold
             ... wielding a +0 scimitar
              (19 damage)
             ... on level 7 of the Dungeon.
             The game lasted 00:25:36 (7434 turns).

Slyrak the Basher (Minotaur Berserker)              Turns: 7434, Time: 00:25:36

Health: -16/79     AC:  8    Str: 26    XL:     9   Next: 20%
Magic:  8/8        EV: 12    Int:  4    God:    Trog [****..]
Gold:   283        SH:  0    Dex: 10    Spells: 8/8 levels left

rFire   + . .      SeeInvis .   s - +5 scythe (venom)
rCold   x . .      Faith    .   (shield currently unavailable)
rNeg    . . .      Spirit   .   h - +0 ring mail
rPois   .          Reflect  .   (helmet restricted)
rElec   .          Harm     .   (no cloak)
rCorr   .          Rampage  .   c - +0 pair of gloves
Will    .....                   (no boots)
Stlth   +.........              (no amulet)
HPRegen 0.23/turn               g - ring of flight
MPRegen 0.11/turn               p - ring of fire

@: marked, flying
A: horns 2, retaliatory headbutt
a: Renounce Religion, Berserk, Trog's Hand, Brothers in Arms


You were on level 7 of the Dungeon.
You worshipped Trog.
Trog was greatly pleased with you.
You visited 1 branch of the dungeon, and saw 7 of its levels.
You also visited: Sewer.

You collected 283 gold pieces.

Inventory:

Hand Weapons
 a - a +0 hand axe
 d - a +4 flail
 s - a +5 scythe of venom (weapon)
Armour
 b - a +0 animal skin
 c - a +0 pair of gloves (worn)
 h - a +0 ring mail (worn)
 l - a +0 helmet
Jewellery
 g - a ring of flight (left hand)
 p - a ring of fire (right hand)
 q - a ring of fire
 t - a ring of resist corrosion
Wands
 f - a wand of paralysis (7)
 i - a wand of iceblast (15)
Scrolls
 e - 7 scrolls of identify
 k - a scroll of teleportation
 m - a scroll of brand weapon
 r - a scroll of blinking
Potions
 j - a potion of might {unknown}
 o - 2 potions of flight
 u - a potion of degeneration {unknown}
 v - a potion of berserk rage {unknown}


   Skills:
 + Level 7.0 Fighting
 + Level 5.0(7.7) Axes
 + Level 8.3(8.9) Maces & Flails
 + Level 3.5(4.8) Polearms
 + Level 7.4 Armour
 + Level 5.1 Dodging
 + Level 1.8 Stealth


You had 8 spell levels left.
You didn't know any spells.
Your spell library contained the following spells:

 Spells                   Type           Power      Damage    Failure   Level
 Stone Arrow              Conj/Erth      0%         3d7       94%         3
 Animate Armour           Summ/Erth      0%         N/A       100%        4
 Lehudib's Crystal Spear  Conj/Erth      0%         10d2      100%        8


Dungeon Overview and Level Annotations

Branches:
Dungeon (7/15)              Sewer (visited)
 Temple: D:4-7

Altars:

Shops:
D:3 (

Annotations:
D:7 Harold


Innate Abilities, Weirdness & Mutations

You have a pair of horns on your head.
You reflexively headbutt those who attack you in melee.


Message History

Harold hits you with a +0 scimitar!!
* * * LOW HITPOINT WARNING * * *
The killer bee zombie closely misses you.
The howler monkey hits you.
* * * LOW HITPOINT WARNING * * *
You hit the howler monkey but do no damage.
The howler monkey is poisoned.
The howler monkey is almost dead.
You kill the howler monkey!
Trog accepts your kill.
The killer bee zombie closely misses you.
The killer bee zombie hits you but does no damage.
Harold barely misses you. The killer bee zombie misses you. Harold misses you.
You feel better.
The killer bee zombie barely misses you.
Harold hits you with a +0 scimitar!
* * * LOW HITPOINT WARNING * * *
The killer bee zombie barely misses you.
You furiously retaliate!
You headbutt the killer bee zombie! You slice Harold!!
Harold is severely wounded.
The killer bee zombie barely misses you.
The killer bee zombie hits you.
* * * LOW HITPOINT WARNING * * *
Harold gestures at you while chanting. The mark upon you grows brighter.
The iguana closely misses you. You furiously retaliate!
You headbutt the iguana, but do no damage.
The killer bee zombie closely misses you.
Harold hits you but does no damage.
You slash Harold!
Harold looks as sick as possible!
Harold is almost dead.
The killer bee zombie barely misses you. x2
The iguana bites you but does no damage.
Harold misses you. You furiously retaliate!
You headbutt Harold, but do no damage.
The killer bee zombie hits you but does no damage.
The iguana bites you but does no damage.
Harold hits you with a +0 scimitar!!
You die...

...# #..#######
######.........
..............#
..............#
............#
......Z@...?# .
#.l@....# ..
#..†....# ...
#...!...# ....
##<......##.....
#................
#
......#####...##..
. ....##
#....#.### . ...##
#..###... .
......##..###..##


You could see Harold (extremely poisoned), an iguana and a killer bee zombie.

Vanquished Creatures
  The ghost of joakim the Slasher, an amateur MiBe of Trog (D:5)
  Grinder (D:3)
  Sigmund (D:5)
  The ghost of Ablot the Grasshopper, an amateur GnWr of Cheibriados (D:3)
  A steam dragon (D:7)
  3 black bears
  An ogre (D:5)
  A bullfrog (D:6)
  A scorpion (D:6)
  A wyvern skeleton (D:4)
  4 howler monkeys
  A centaur zombie (D:5)
  A gnoll shaman (D:7)
  4 hounds
  A jelly (D:6)
  A bullfrog skeleton (D:3)
  A centaur skeleton (D:7)
  3 orc priests
  2 iguanas (D:6)
  4 orc wizards
  A killer bee zombie (D:7)
  A hound zombie (D:5)
  14 adders
  7 gnolls
  A river rat (D:4)
  A white imp (D:6)
  An ufetubus (D:5)
  6 dart slugs
  18 orcs
  7 endoplasms
  8 giant cockroaches
  6 goblins
  11 hobgoblins
  6 kobolds
  3 quokkas
  12 ball pythons
  3 bats
  2 frilled lizards (D:2)
  A quokka skeleton (D:4)
  3 rats
146 creatures vanquished.

Notes
Turn   | Place    | Note
-------+----------+-------------------------------------------
     0 | D:1      | Slyrak the Minotaur Berserker began the quest for the Orb.
     0 | D:1      | Reached XP level 1. HP: 19/19 MP: 0/0
   350 | D:1      | Reached XP level 2. HP: 27/27 MP: 1/1
  1299 | D:2      | Reached XP level 3. HP: 19/33 MP: 2/2
  1816 | D:2      | Reached XP level 4. HP: 38/41 MP: 3/3
  2141 | D:2      | Reached ** piety under Trog
  2272 | D:2      | Found a faded altar of an unknown god.
  2274 | D:2      | Noticed an eye of devastation
  2276 | D:2      | Noticed a shining eye
  2277 | D:2      | Noticed a golden eye
  2277 | D:2      | Noticed an eye of devastation
  2628 | D:3      | Reached skill level 1 in Maces & Flails
  2737 | D:3      | Reached XP level 5. HP: 47/47 MP: 4/4
  2777 | D:3      | Reached skill level 2 in Maces & Flails
  2789 | D:3      | Reached skill level 5 in Axes
  2841 | D:3      | Noticed Grinder
  3128 | D:3      | Killed Grinder
  3129 | D:3      | Reached skill level 5 in Fighting
  3129 | D:3      | Reached skill level 3 in Maces & Flails
  3129 | D:3      | Reached XP level 6. HP: 21/56 MP: 5/5
  3332 | D:3      | Reached skill level 4 in Maces & Flails
  3367 | D:3      | Found a runed translucent door.
  3367 | D:3      | Noticed Ablot's ghost (amateur GnWr)
  3447 | D:3      | Killed Ablot's ghost
  3447 | D:3      | Reached *** piety under Trog
  3448 | D:3      | Reached skill level 5 in Armour
  3448 | D:3      | Reached XP level 7. HP: 24/61 MP: 6/6
  3722 | D:3      | Found Time's Weapon Shoppe.
  3768 | D:3      | Reached skill level 5 in Maces & Flails
  4403 | D:4      | Reached skill level 1 in Stealth
  4418 | D:4      | Reached skill level 6 in Maces & Flails
  4476 | D:5      | Entered Level 5 of the Dungeon
  4630 | D:4      | Reached XP level 8. HP: 50/70 MP: 7/7
  4817 | D:4      | Found a glowing drain.
  4833 | Sewer    | Entered a sewer
  5292 | D:5      | Noticed Sigmund
  5302 | D:5      | Killed Sigmund
  5302 | D:5      | Reached **** piety under Trog
  5303 | D:5      | Reached skill level 7 in Maces & Flails
  5545 | D:5      | Found a large runed translucent door.
  5545 | D:5      | Found a large runed translucent door.
  5550 | D:5      | Noticed joakim's ghost (amateur MiBe)
  5834 | D:5      | Killed joakim's ghost
  5835 | D:5      | Reached skill level 8 in Maces & Flails
  5835 | D:5      | Reached skill level 1 in Polearms
  6593 | D:6      | Identified the +0 robe of the Spheres {Int+4 Dex+4}
  6784 | D:6      | Reached XP level 9. HP: 47/78 MP: 8/8
  6971 | D:6      | Reached skill level 5 in Dodging
  7423 | D:7      | Noticed Harold
  7433 | D:7      | HP: 3/79 [killer bee zombie (6)]
  7434 | D:7      | Demolished by Harold

Illustrated notes

Levels and vault maps discovered:
D:1:      elethiomel_arrival_quiet, layout_basic, minmay_pentomino_u2
D:2:      layout_basic, hellmonk_ecumenical_altar_watching_god,
          kennysheep_decorative_pillar
D:3:      layout_loops_ring, hellmonk_ghost_happy_afterlife, serial_shops,
          nicolae_shop_bloodbath_and_beyond, nrook_loot_triangle, uniq_grinder
D:4:      layout_cave_pools, portal_sewer_entry_b
D:5:      layout_basic, ebering_ghost_disaster_area, uniq_sigmund
D:6:      layout_basic
D:7:      layout_rooms, mainiacjoe_overflow_chevrons, minmay_temple_entry_hall,
          serial_park_tiny_2, supply_closet_lemuel, uniq_harold

Skill      XL: |  1  2  3  4  5  6  7  8  9 |
---------------+----------------------------+-----
Axes           | 4 5 |  5.0
Fighting       | 4 5 6 7 |  7.0
Armour         | 3 4 5 7 |  7.4
Maces & Flails | 1 3 4 6 8 |  8.3
Dodging        | 3 4 5 |  5.1
Stealth        | 1 |  1.8
Polearms       | 2 3 |  3.5

Action                   |  1- 3 |  4- 6 |  7- 9 || total
-------------------------+-------+-------+-------++-------
Melee: Hand axe          |    48 |       |       ||    48
       Headbutt          |     9 |    14 |    24 ||    47
       Flail             |    14 |   109 |    90 ||   213
       Punch             |       |     4 |     4 ||     8
       Scythe            |       |       |    81 ||    81
  Use: Scroll            |     3 |     4 |     3 ||    10
       Potion            |     2 |     5 |     6 ||    13
Armor: Animal skin       |     9 |       |       ||     9
       Ring mail         |    13 |    50 |    95 ||   158
       Skin              |       |     2 |       ||     2
Dodge: Dodged            |    36 |    53 |   185 ||   274
